 Dungeon Crawl Stone Soup version 0.21.1-1-g345015f (webtiles) character file.

77 Monsterracer the Vandal (level 4, -1/23 HPs)
             Began as a Spriggan Hunter on Feb 20, 2018.
             Slain by an orc priest
             ... wielding a +0 dagger
              (4 damage)
             ... on level 3 of the Dungeon.
             The game lasted 00:04:31 (2347 turns).

Monsterracer the Vandal (Spriggan Hunter)           Turns: 2347, Time: 00:04:31

Health: -1/23      AC:  2    Str:  9    XL:     4   Next: 14%
Magic:  5/5        EV: 19    Int: 12    God:
Gold:   175        SH:  0    Dex: 16    Spells: 3/3 levels left

rFire    . . .     SeeInvis +   a - +1 hunting sling
rCold    . . .     Gourm    .   (shield restricted)
rNeg     . . .     Faith    .   g - +0 robe
rPois    +         Spirit   .   (helmet restricted)
rElec    .         Reflect  .   (no cloak)
rCorr    .         Harm     .   (gloves unavailable)
MR       .....                  (boots unavailable)
Stlth    ++........             u - amulet of rage
HPRegen  0.07/turn              n - ring of poison resistance {!d}
MPRegen  0.09/turn              (no ring)

@: very quick
A: very small, unfitting armour, see invisible, herbivore, speed 3, slow
metabolism 2
a: Evoke Berserk Rage


You were on level 3 of the Dungeon.
You were not hungry.

You visited 1 branch of the dungeon, and saw 3 of its levels.

You collected 175 gold pieces.

Inventory:

Hand Weapons
 a - a +1 hunting sling (weapon)
 b - a +0 short sword
 w - a +0 dagger
Missiles
 d - 24 sling bullets (quivered)
 f - 32 stones
Armour
 g - a +0 robe (worn)
Jewellery
 n - a ring of poison resistance (left hand) {!d}
 t - an uncursed ring of ice
 u - an amulet of rage (around neck)
Scrolls
 h - a scroll of identify {unknown}
 i - a scroll of magic mapping {unknown}
 l - 4 scrolls of teleportation {unknown}
 m - a scroll of blinking {unknown}
 p - a scroll of immolation {unknown}
 q - 2 scrolls of remove curse {unknown}
 r - a scroll of fear {unknown}
Potions
 e - a potion of flight {unknown}
 j - a potion of heal wounds {unknown}
 k - 2 potions of brilliance {unknown}
 o - 2 potions of haste {unknown}
 s - a potion of berserk rage {unknown}
Comestibles
 c - 3 rations


   Skills:
 + Level 1.9 Fighting
 * Level 2.1 Short Blades
 * Level 5.5 Slings
 + Level 3.7 Dodging
 + Level 2.5 Stealth


You had 3 spell levels left.
You didn't know any spells.

Dungeon Overview and Level Annotations

Branches:
Dungeon (3/15)

Altars:

Annotations:
D:3 Ijyb


Innate Abilities, Weirdness & Mutations

You are very small and have problems with some larger weapons.
You are too small for most types of armour.
You have supernaturally acute eyesight. (SInv)
You are a herbivore.
You cover ground extremely quickly.
You need consume almost no food.


Message History

You shoot a stone. The stone hits the orc.
The orc is almost dead.
Quiver which item? (- for none, * to show all) (? for menu, Esc to quit)
Quivering
d - 38 sling bullets for slings.
Firing (i - inventory. (,) - cycle):
d - 38 sling bullets (quivered)
Press: ? - help, Shift-Dir - straight line, f/p - orc
Aim: an orc, wielding a mace (almost dead)
You shoot a sling bullet. The sling bullet hits the orc.
You kill the orc!
Firing (i - inventory. (,) - cycle):
d - 37 sling bullets (quivered)
Press: ? - help, Shift-Dir - straight line, f - orc wizard
Aim: an orc wizard, wielding a dagger and wearing a robe You shoot a sling bullet.
The sling bullet closely misses the orc wizard.
The orc wizard gestures at you while chanting.
The magic dart hits you!
You are too injured to fight recklessly!
You take 7 damage, and have 16/23 hp.
MASSIVE DAMAGE!!
You are too injured to fight recklessly!
Firing (i - inventory. (,) - cycle):
d - 36 sling bullets (quivered)
Press: ? - help, Shift-Dir - straight line, f/p - orc wizard
Aim: an orc wizard, wielding a dagger and wearing a robe You shoot a sling bullet.
The sling bullet barely misses the orc wizard.
An orc priest comes into view. It is wielding a dagger.
Firing (i - inventory. (,) - cycle):
d - 35 sling bullets (quivered)
Press: ? - help, Shift-Dir - straight line, f/p - orc wizard
Aim: an orc wizard, wielding a dagger and wearing a robe You shoot a sling bullet.
The sling bullet hits the orc wizard.
The orc wizard is moderately wounded.
The orc wizard mumbles some strange words.
The orc wizard blinks!
Firing (i - inventory. (,) - cycle):
d - 34 sling bullets (quivered)
Press: ? - help, Shift-Dir - straight line, f - orc priest
Aim: an orc priest, wielding a dagger and wearing a ring mail You shoot a sling bullet.
The sling bullet hits the orc priest.
The orc priest is moderately wounded.
Firing (i - inventory. (,) - cycle):
d - 33 sling bullets (quivered)
Press: ? - help, Shift-Dir - straight line, f/p - orc priest
Aim: an orc priest, wielding a dagger and wearing a ring mail (moderately wounded)
You shoot a sling bullet.
The sling bullet barely misses the orc priest.
Firing (i - inventory. (,) - cycle):
d - 32 sling bullets (quivered)
Press: ? - help, Shift-Dir - straight line, f/p - orc priest
Aim: an orc priest, wielding a dagger and wearing a ring mail (moderately wounded)
You shoot a sling bullet.
The sling bullet hits the orc priest but does no damage.
The orc priest is moderately wounded.
The orc priest mumbles some strange prayers to Beogh against you.
Beogh smites you!
Ouch! That really hurt!
* * * LOW HITPOINT WARNING * * *
You take 14 damage, and have 2/23 hp.
MASSIVE DAMAGE!!
Firing (i - inventory. (,) - cycle):
d - 31 sling bullets (quivered)
Press: ? - help, Shift-Dir - straight line, f/p - orc priest
Aim: an orc priest, wielding a dagger and wearing a ring mail (moderately wounded)
You shoot a sling bullet.
The sling bullet barely misses the orc priest.
Firing (i - inventory. (,) - cycle):
d - 30 sling bullets (quivered)
Press: ? - help, Shift-Dir - straight line, f/p - orc priest
Aim: an orc priest, wielding a dagger and wearing a ring mail (moderately wounded)
You shoot a sling bullet.
The sling bullet closely misses the orc priest.
Firing (i - inventory. (,) - cycle):
d - 29 sling bullets (quivered)
Press: ? - help, Shift-Dir - straight line, f/p - orc priest
Aim: an orc priest, wielding a dagger and wearing a ring mail (moderately wounded)
You shoot a sling bullet.
The sling bullet hits the orc priest but does no damage.
The orc priest is moderately wounded.
The orc wizard mumbles some strange words.
The orc wizard seems to speed up.
Firing (i - inventory. (,) - cycle):
d - 28 sling bullets (quivered)
Press: ? - help, Shift-Dir - straight line, f/p - orc priest
Aim: an orc priest, wielding a dagger and wearing a ring mail (moderately wounded)
You shoot a sling bullet.
The sling bullet hits the orc priest but does no damage.
The orc priest is moderately wounded.
The orc wizard casts a spell.
The orc wizard blinks!
Firing (i - inventory. (,) - cycle):
d - 27 sling bullets (quivered)
Press: ? - help, Shift-Dir - straight line, f/p - orc priest
Aim: an orc priest, wielding a dagger and wearing a ring mail (moderately wounded)
You shoot a sling bullet. The sling bullet hits the orc priest.
The orc priest is moderately wounded.
The orc priest barely misses you.
Firing (i - inventory. (,) - cycle):
d - 26 sling bullets (quivered)
Press: ? - help, Shift-Dir - straight line, f/p - orc priest
Aim: an orc priest, wielding a dagger and wearing a ring mail (moderately wounded)
You shoot a sling bullet.
The sling bullet hits the orc priest but does no damage.
The orc priest is moderately wounded.
The orc priest invokes the aid of Beogh against you.
You struggle to resist.
Firing (i - inventory. (,) - cycle):
d - 25 sling bullets (quivered)
Press: ? - help, Shift-Dir - straight line, f/p - orc priest
Aim: an orc priest, wielding a dagger and wearing a ring mail (moderately wounded)
You shoot a sling bullet. The sling bullet hits the orc priest.
The orc priest is severely wounded.
The orc priest hits you with a dagger.
You die...

#.# #.#
#######'###
..........#
..........#
..........#
#######'###
#.# #@# #o#
#.# #.# #(#


((o ((. ((( You could see an orc priest and an orc wizard.

Vanquished Creatures
  2 adders (D:2)
  2 worms
  A dart slug (D:2)
  A leopard gecko (D:2)
  An orc (D:3)
  A ball python (D:1)
  A giant cockroach (D:3)
  4 goblins
  9 hobgoblins
  2 jackals (D:2)
  10 kobolds
  A quokka (D:2)
  6 bats
  3 frilled lizards (D:2)
  5 rats (D:1)
49 creatures vanquished.

Notes
Turn   | Place    | Note
-------+----------+-------------------------------------------
     0 | D:1      | Monsterracer the Spriggan Hunter began the quest for the Orb.
     0 | D:1      | Reached XP level 1. HP: 10/10 MP: 2/2
    54 | D:1      | HP: 5/10 [hobgoblin/club (1)]
    57 | D:1      | HP: 2/10 [hobgoblin/club (3)]
   381 | D:1      | Reached skill level 5 in Slings
   487 | D:1      | Reached XP level 2. HP: 14/14 MP: 3/3
   792 | D:1      | Reached skill level 1 in Short Blades
  1249 | D:2      | Reached XP level 3. HP: 18/18 MP: 4/4
  1753 | D:2      | Reached XP level 4. HP: 23/23 MP: 5/5
  2249 | D:3      | Noticed Ijyb
  2340 | D:3      | HP: 2/23 [orc priest/divine providence (14)]
  2347 | D:3      | Slain by an orc priest

Skill      XL: |  1  2  3 |
---------------+----------+-----
Slings         | 5 |  5.5
Short Blades   | 1 2 |  2.1
Stealth        | 2 |  2.5
Fighting       | |  1.9
Dodging        | |  3.7

Action                   |  1- 3 |  4- 6 || total
-------------------------+-------+-------++-------
Melee: Short sword       |    61 |    20 ||    81
       Dagger            |     2 |       ||     2
 Fire: Hunting sling     |    89 |    40 ||   129
 Stab: Sleeping          |     2 |     1 ||     3
Armor: Robe              |     8 |       ||     8
Dodge: Dodged            |    89 |    22 ||   111

Vault maps used:
D:1:      ncdulo_lavacross, minmay_split_cup_large
D:3:      nicolae_qazlal_eye_of_the_storm, uniq_ijyb
